 Dungeon Crawl Stone Soup version 0.21.0-3-g78d12a8bdd (webtiles) character file.

9525 Rrauwl the Destroyer (level 11, -16/72 HPs)
             Began as a Gargoyle Assassin on Jan 9, 2018.
             Was an Elder of Sif Muna.
             Killed from afar by an orc sorcerer (22 damage)
             ... with a bolt of fire
             ... in a bailey.
             The game lasted 01:03:39 (10820 turns).

Rrauwl the Destroyer (Gargoyle Assassin)           Turns: 10820, Time: 01:03:41

Health: -16/72     AC: -6    Str: 26    XL:     11   Next: 47%
Magic:  17/18      EV:  9    Int: 13    God:    Sif Muna [****..]
Gold:   471        SH: 10    Dex: 12    Spells: 19/20 levels left

rFire    . . .     SeeInvis +   a - +2 short sword (flame)
rCold    + . .     Gourm    .   o - +0 shield
rNeg     + . .     Faith    .   w - +4 ring mail of Lugonu's Approval {+Fly Str+2 Stlth+}
rPois    ∞         Spirit   .   (no helmet)
rElec    +         Reflect  .   d - +1 cloak
rCorr    .         Harm     .   (no gloves)
MR       .....                  f - +0 pair of boots
Stlth    +++.......             (no amulet)
HPRegen  0.22/turn              F - ring of see invisible
MPRegen  0.16/turn              u - +6 ring of strength

@: corroded
A: cold resistance 1, negative energy resistance 1, electricity resistance,
strong 1, unbreathing, petrification resistance, rot immunity, AC +8
a: Divine Energy, Channel Magic, Forget Spell, Renounce Religion, Evoke Flight


You were in a bailey.
You worshipped Sif Muna.
Sif Muna was greatly pleased with you.
You were not hungry.

You visited 2 branches of the dungeon, and saw 11 of its levels.
You also visited: Bailey.

You collected 529 gold pieces.
You spent 58 gold pieces at shops.

Inventory:

Hand Weapons
 a - a +2 short sword of flaming (weapon)
 b - a +1 blowgun
 c - a +0 hand crossbow
Missiles
 h - 8 curare-tipped needles
 n - 74 bolts
 p - 22 poisoned needles
 r - 3 needles of sleeping
Armour
 d - a +1 cloak (worn)
 f - a +0 pair of boots (worn)
 o - a +0 shield (worn)
 w - the +4 ring mail of Lugonu's Approval (worn) {+Fly Str+2 Stlth+}
   (You took it off Ijyb on level 5 of the Dungeon)

   It affects your strength (+2).
   It lets you fly.
   It makes you more stealthy.
 C - a +0 troll leather armour
Jewellery
 u - a +6 ring of strength (right hand)
 z - an uncursed ring of flight
 F - a ring of see invisible (left hand)
Wands
 e - a wand of random effects (20)
 A - a wand of paralysis (2)
 D - a wand of iceblast (20)
Scrolls
 i - 4 scrolls of identify
 j - 2 scrolls of amnesia
 s - 2 scrolls of remove curse
 t - a scroll of magic mapping
 v - 2 scrolls of teleportation
 B - a scroll of enchant armour
Potions
 k - 2 potions of agility
 m - a potion of ambrosia {unknown}
 x - a potion of haste
 E - a potion of heal wounds
Books
 q - a Young Poisoner's Handbook

   Spells                             Type                      Level
   a - Sting                          Conjuration/Poison           1
   b - Poisonous Vapours              Poison/Air                   2
   c - Mephitic Cloud                 Conjuration/Poison/Air       3
   d - Olgreb's Toxic Radiance        Poison                       4
   e - Venom Bolt                     Conjuration/Poison           5
 y - a book of Conjurations

   Spells                             Type                      Level
   a - Magic Dart                     Conjuration                  1
   b - Searing Ray                    Conjuration                  2
   c - Dazzling Spray                 Conjuration/Hexes            3
   d - Fulminant Prism                Conjuration/Hexes            4
   e - Force Lance                    Conjuration/Translocation    4
   f - Iskenderun's Mystic Blast      Conjuration                  4
Comestibles
 g - 24 rations
 G - 6 chunks of flesh


   Skills:
 - Level 10.1 Fighting
 - Level 2.0 Short Blades
 - Level 2.0 Throwing
 - Level 5.0 Armour
 - Level 1.0 Dodging
 - Level 5.0 Stealth
 - Level 5.0 Shields
 - Level 5.1 Spellcasting
 + Level 12.4 Conjurations
 - Level 3.0 Invocations


You had 19 spell levels left.
You knew the following spells:

 Your Spells              Type           Power        Failure   Level  Hunger
a - Magic Dart            Conj           ####         1%          1    None


Dungeon Overview and Level Annotations

Branches:
Dungeon (10/15)            Temple (1/1) D:5            Lair (0/6) D:10
    Orc (0/2) D:10

Altars:
Ashenzari
Cheibriados
Dithmenos
Elyvilon
Fedhas
Gozag
Hepliaklqana
Kikubaaqudgha
Makhleb
Okawaru
Qazlal
Ru
Sif Muna
Trog
Uskayaw
Vehumet
Wu Jian
Xom
Yredelemnul
Zin
The Shining One
Beogh

Shops:
D:7 [   D:9 }

Annotations:
D:10 Grum


Innate Abilities, Weirdness & Mutations

You are resistant to torment.
Your stone body is resilient. (AC +8)
You are immune to poison.
You resist negative energy. (rN+)
You are resistant to electric shocks. (rElec)
You can survive without breathing.
You are immune to petrification.
You are immune to rotting.
Your flesh is cold resistant. (rC+)
Your muscles are strong. (Str +2)


Message History

You hear a shout! x2
The orc sorcerer hits you with a war axe!
* * * LOW HITPOINT WARNING * * *
The rust devil hits you!
* * * LOW HITPOINT WARNING * * *
The rust devil corrodes you!
Evoke which item? (* to show all) (? for menu, Esc to quit)
Okay, then.
Casting: Magic Dart
Confirm with . or Enter, or press ? or * to list all spells.
Aiming: Magic Dart
Press: ? - help, Shift-Dir - straight line, f/p - orc sorcerer
Aim: an orc sorcerer, wielding a war axe and wearing a scale mail (almost dead)
The magic dart hits the orc sorcerer.
The orc sorcerer is almost dead.
The rust devil disappears in a puff of smoke!
The orc sorcerer shouts, "You can't withstand my power!"
The orc sorcerer casts a spell at you. The bolt of fire hits you!
You die...

≈≈≈≈≈# #≈≈≈≈≈# #≈≈≈≈≈###
#≈≈≈≈≈≈.# ######.≈≈≈≈≈.#
#...)..≈≈≈≈≈.#++####
###...)..≈≈≈≈≈.#.....#
#....).........'.....# .g..#
#∩..∩...)....@o'..⌠..# .._g#
#........)....§).....# .g..#
# ###......≈≈≈≈≈.#.....#
..oo#..
#......≈≈≈≈≈.#''#####.g..#..
######.≈≈≈≈≈.#......#....#!?
#≈≈≈≈≈≈.#......#....#
#≈≈≈≈≈######.......# #≈≈≈≈≈#
#.8.8.8.+ #≈≈≈≈≈# #.......#


You could see an orc sorcerer.

Vanquished Creatures
  A two-headed ogre (D:9)
  The ghost of denis1488 the Cleaver, a novice MiFi of Cheibriados (D:8)
  Pikel (D:8)
  A troll (D:9)
  3 hippogriffs
  Sigmund (D:3)
  A wraith (D:8)
  Eustachio (D:4)
  Menkaure (D:4)
  3 hungry ghosts
  Edmund (D:5)
  Duvessa (D:5)
  A porcupine (D:10)
  A black bear (D:6)
  6 orc warriors
  A sky beast (D:7)
  4 slaves (D:8)
  A phantom (D:8)
  A necrophage (D:5)
  8 ogres
  6 centaurs
  A crocodile (D:10)
  Blork the orc (D:5)
  5 bullfrogs
  A big kobold (D:10)
  Dowan (D:5)
  3 scorpions
  A water moccasin skeleton (D:5)
  12 killer bees
  4 electric eels
  2 howler monkeys (D:5)
  6 crimson imps
  2 bullfrog zombies
  3 centaur zombies
  7 hounds
  2 centaur skeletons
  7 orc priests
  Ijyb (D:5)
  2 iguanas
  12 orc wizards
  8 worker ants
  A hound zombie (D:10)
  A mummy (D:7)
  A howler monkey zombie (D:8)
  A howler monkey skeleton (D:4)
  13 adders
  4 gnolls
  3 shadow imps
  2 oozes
  An adder skeleton (D:6)
  2 worms (D:3)
  3 dart slugs
  4 leopard geckos
  41 orcs
  7 bats
  2 giant cockroaches
  11 goblins
  14 hobgoblins
  13 jackals
  13 kobolds
  8 quokkas
  6 frilled lizards
  A quokka skeleton (D:6)
  9 rats
287 creatures vanquished.

Vanquished Creatures (others)
  2 bushes (D:10)
  2 fungi (D:10)
  10 plants (D:10)
14 creatures vanquished.

Grand Total: 301 creatures vanquished

Notes
Turn   | Place    | Note
-------+----------+-------------------------------------------
     0 | D:1      | Rrauwl the Gargoyle Assassin began the quest for the Orb.
     0 | D:1      | Reached XP level 1. HP: 12/12 MP: 1/1
   137 | D:1      | Reached skill level 1 in Dodging
   137 | D:1      | Reached XP level 2. HP: 11/18 MP: 2/2
   416 | D:1      | Reached XP level 3. HP: 7/22 MP: 3/3
   772 | D:1      | Found an ornate altar of the Wu Jian Council.
   813 | D:1      | Reached skill level 5 in Stealth
  1314 | D:1      | Reached XP level 4. HP: 19/28 MP: 4/4
  1824 | D:2      | Found an ornate altar of the Wu Jian Council.
  1911 | D:2      | Reached XP level 5. HP: 8/34 MP: 5/5
  2527 | D:3      | Reached skill level 5 in Fighting
  2755 | D:3      | Reached XP level 6. HP: 25/41 MP: 6/6
  2942 | D:3      | Noticed Sigmund
  3003 | D:3      | Killed Sigmund
  3003 | D:3      | Reached XP level 7. HP: 45/48 MP: 7/7
  3103 | D:3      | Gained mutation: Your flesh is cold resistant. (rC+) [potion of mutation]
  3103 | D:3      | Gained mutation: Your muscles are strong. (Str +2) [potion of mutation]
  3362 | D:4      | Found a sacrificial altar of Ru.
  3878 | D:4      | Found a shattered altar of Ashenzari.
  3882 | D:4      | Noticed Eustachio
  4078 | D:4      | Noticed Menkaure
  4094 | D:4      | Killed Menkaure
  4337 | D:4      | Found a glowing silver altar of Zin.
  4387 | D:4      | Reached XP level 8. HP: 56/56 MP: 8/8
  4548 | D:4      | Killed Eustachio
  4600 | D:5      | Entered Level 5 of the Dungeon
  4607 | D:5      | Reached skill level 10 in Fighting
  4651 | D:5      | Noticed Edmund
  4672 | D:5      | Killed Edmund
  4672 | D:5      | Reached skill level 1 in Armour
  4672 | D:5      | Reached skill level 1 in Shields
  4679 | D:5      | Noticed Duvessa
  4679 | D:5      | Noticed Dowan
  4706 | D:5      | Killed Dowan
  4739 | D:5      | Killed Duvessa
  4811 | D:5      | Found a hide-covered altar of Uskayaw.
  4955 | D:5      | Noticed Blork the orc
  4972 | D:5      | Killed Blork the orc
  5143 | D:5      | Reached XP level 9. HP: 62/62 MP: 9/9
  5343 | D:5      | Found an ancient bone altar of Kikubaaqudgha.
  5344 | D:5      | Noticed Ijyb
  5355 | D:5      | Killed Ijyb
  5362 | D:5      | Reached skill level 5 in Shields
  5364 | D:5      | Reached skill level 5 in Armour
  5384 | D:5      | Got a slimy ring mail
  5395 | D:5      | Identified the +4 ring mail of Lugonu's Approval {+Fly Str+2 Stlth+} (You took it off Ijyb on level 5 of the Dungeon)
  5412 | D:5      | Found a staircase to the Ecumenical Temple.
  5416 | Temple   | Entered the Ecumenical Temple
  5486 | Temple   | Became a worshipper of Sif Muna the Loreminder
  5699 | D:6      | Reached skill level 1 in Invocations
  5741 | D:6      | Reached skill level 1 in Spellcasting
  6330 | D:7      | Found Yqyi's Armour Shop.
  6341 | D:7      | Bought a +0 pair of boots for 58 gold pieces
  6405 | D:7      | Reached * piety under Sif Muna
  6594 | D:7      | Learned a level 1 spell: Magic Dart
  6684 | D:7      | Found a snail-covered altar of Cheibriados.
  6811 | D:7      | Reached skill level 5 in Spellcasting
  6811 | D:7      | Reached skill level 2 in Conjurations
  7121 | D:7      | Reached skill level 3 in Conjurations
  7121 | D:7      | Reached XP level 10. HP: 64/68 MP: 17/17
  7139 | D:7      | Reached ** piety under Sif Muna
  7143 | D:7      | Reached skill level 4 in Conjurations
  7357 | D:8      | Reached skill level 5 in Conjurations
  7369 | D:8      | Noticed denis1488's ghost (novice MiFi)
  7408 | D:8      | Killed denis1488's ghost
  7408 | D:8      | Reached skill level 6 in Conjurations
  7732 | D:8      | Reached skill level 7 in Conjurations
  7822 | D:8      | Reached *** piety under Sif Muna
  7954 | D:8      | Reached skill level 8 in Conjurations
  8141 | D:8      | Noticed Pikel
  8186 | D:8      | Killed Pikel
  8186 | D:8      | Reached skill level 9 in Conjurations
  8941 | D:9      | Noticed a two-headed ogre
  8963 | D:9      | Killed a two-headed ogre
  8963 | D:9      | Reached **** piety under Sif Muna
  8963 | D:9      | Reached skill level 10 in Conjurations
  8963 | D:9      | Reached XP level 11. HP: 32/72 MP: 18/18
  9349 | D:9      | Reached skill level 11 in Conjurations
  9834 | D:9      | Found Enuase's Gadget Boutique.
  9933 | D:10     | Entered Level 10 of the Dungeon
 10081 | D:10     | Found a staircase to the Orcish Mines.
 10166 | D:10     | Found a roughly hewn altar of Beogh.
 10215 | D:10     | Noticed Grum
 10228 | D:10     | Reached skill level 12 in Conjurations
 10334 | D:10     | Found a flagged portal.
 10364 | Bailey   | Entered a bailey
 10784 | Bailey   | Found an iron altar of Okawaru.
 10784 | Bailey   | Noticed an orc high priest
 10784 | Bailey   | Noticed an orc sorcerer
 10820 | Bailey   | Killed from afar by an orc sorcerer

Skill      XL: |  1  2  3  4  5  6  7  8  9 10 11 |
---------------+----------------------------------+-----
Dodging        | 1 |  1.0
Short Blades   | 2 |  2.0
Throwing       | 2 |  2.0
Fighting       | 3 4 6 7 9 10 | 10.1
Stealth        | 5 |  5.0
Armour         | 4 5 |  5.0
Shields        | 4 5 |  5.0
Invocations    | 3 |  3.0
Spellcasting   | 5 |  5.1
Conjurations   | 3 10 12 | 12.4

Action                   |  1- 3 |  4- 6 |  7- 9 | 10-12 || total
-------------------------+-------+-------+-------+-------++-------
Melee: Dagger            |   142 |    65 |       |       ||   207
       Short sword       |       |   140 |   518 |   587 ||  1245
 Fire: Blowgun           |    17 |    24 |    47 |    48 ||   136
       Hand crossbow     |       |       |     6 |     5 ||    11
 Cast: Magic Dart        |       |       |       |     2 ||     2
Evoke: Wand              |       |       |       |    37 ||    37
  Use: Scroll            |     2 |     4 |     6 |     4 ||    16
       Potion            |     1 |     4 |     8 |     4 ||    17
 Stab: Invisible         |     3 |       |       |       ||     3
       Sleeping          |       |     8 |    12 |     1 ||    21
  Eat: Chunk             |     1 |     6 |    11 |     8 ||    26
       Ration            |       |       |     1 |     3 ||     4
Armor: Robe              |    62 |    30 |       |       ||    92
       Ring mail         |       |    52 |    85 |   283 ||   420
       Scale mail        |       |       |   130 |       ||   130
Dodge: Dodged            |   102 |    94 |   154 |   199 ||   549
Block: Shield            |       |       |   188 |   323 ||   511
